 Dungeon Crawl Stone Soup version 0.29.1-1-gd02db6906a (webtiles) character file.

Game seed: 13968464582901670799

1717 Hadkhar the Shield-Bearer (level 9, -9/82 HPs)
             Began as a Naga Monk on Oct 14, 2022.
             Was a Priest of Cheibriados.
             Mangled by a yak (14 damage)
             ... on level 6 of the Dungeon.
             The game lasted 00:36:32 (6228 turns).

Hadkhar the Shield-Bearer (Naga Monk)               Turns: 6228, Time: 00:36:33

Health: -9/82      AC:  7    Str: 30    XL:     9   Next: 4%
Magic:  9/9        EV:  8    Int: 21    God:    Cheibriados [***...]
Gold:   208        SH: 16    Dex: 20    Spells: 8/8 levels left

rFire   . . .      SeeInvis +   k - +7 spear of Xom's Condemnation {protect, rElec rC- Str+6 Int+2}
rCold   x . .      Faith    .   a - +0 tower shield
rNeg    . . .      Spirit   .   e - +0 leather armour
rPois   +          Reflect  .   (no helmet)
rElec   +          Harm     .   E - scarf {shadows}
rCorr   .          Rampage  .   s - +1 pair of gloves
Will    +....                   (no barding)
Stlth   +++.......              (no amulet)
HPRegen 0.23/turn               (no ring)
MPRegen 0.11/turn               (no ring)

@: very slow
A: AC +3, large, see invisible, deformed body, poison resistance, slowness 2,
spit poison 1, naga tail 1
a: Spit Poison, Renounce Religion, Bend Time, Temporal Distortion


You were on level 6 of the Dungeon.
You worshipped Cheibriados.
Cheibriados was most pleased with you.
You visited 2 branches of the dungeon, and saw 7 of its levels.
You also visited: Ossuary.

You collected 262 gold pieces.
You spent 54 gold pieces at shops.

Inventory:

Hand Weapons
 b - a +0 hand axe of venom
 k - the +7 spear of Xom's Condemnation (weapon) {protect, rElec rC- Str+6 Int+2}
   (You found it on level 2 of the Dungeon)

   It grants its wielder temporary protection when it strikes (+7 to AC).
   Str:       It affects your strength (+6).
   Int:       It affects your intelligence (+2).
   rC:        It makes you vulnerable to cold.
   rElec:     It insulates you from electricity.
 p - a +2 sling of freezing
 t - a +1 hand axe of flaming
Armour
 a - a +0 tower shield (worn)
 e - a +0 leather armour (worn)
 s - a +1 pair of gloves (worn)
 E - a scarf of shadows (worn)
Jewellery
 D - an amulet of faith
Wands
 d - a wand of roots (9)
 B - a wand of flame (12)
Scrolls
 f - a scroll of blinking {unknown}
 h - 2 scrolls of vulnerability {unknown}
 j - a scroll of poison {unknown}
 m - a scroll of immolation {unknown}
 q - 3 scrolls of teleportation {unknown}
 r - 4 scrolls of magic mapping {unknown}
 x - a scroll of butterflies {unknown}
 y - a scroll of noise {unknown}
Potions
 c - 4 potions of ambrosia
 g - 5 potions of curing
 i - 2 potions of mutation
 l - 4 potions of lignification {unknown}
 n - 5 potions of brilliance {unknown}
 o - 3 potions of attraction
 u - a potion of haste {unknown}
 v - 4 potions of heal wounds {unknown}
 w - a potion of degeneration {unknown}
 z - 3 potions of might {unknown}
 A - a potion of invisibility {unknown}
 C - a potion of cancellation {unknown}


   Skills:
 + Level 5.8 Fighting
 - Level 3.3(4.5) Axes
 + Level 4.6(5.1) Polearms
 + Level 3.9 Armour
 - Level 2.4 Dodging
 - Level 4.1 Stealth
 * Level 6.0 Shields


You had 8 spell levels left.
You didn't know any spells.
Your spell library contained the following spells:

 Spells                   Type           Power      Damage    Failure   Level
 Apportation              Tloc           0%         N/A       75%         1
 Necrotise                Necr           0%         1d4       75%         1
 Summon Small Mammal      Summ           0%         N/A       75%         1
 Poisonous Vapours        Pois/Air       0%         N/A       86%         2
 Corpse Rot               Necr/Pois/Air  0%         N/A       100%        4
 Petrify                  Tmut/Erth      0%         N/A       100%        4
 Fireball                 Conj/Fire      0%         3d3       100%        5
 Metabolic Englaciation   Hex/Ice        0%         N/A       100%        5
 Starburst                Conj/Fire      0%         6d3       100%        6
 Statue Form              Tmut/Erth      0%         N/A       100%        6
 Ignition                 Fire           0%         3d3       100%        8


Dungeon Overview and Level Annotations

Branches:
Dungeon (6/15)             Temple (1/1) D:4         Ossuary (visited)

Altars:
Cheibriados
Dithmenos
Elyvilon
Fedhas
Gozag
Nemelex Xobeh
Okawaru
Ru
Sif Muna
Xom
Yredelemnul
Zin
The Shining One

Shops:
D:3 *


Innate Abilities, Weirdness & Mutations

Your serpentine skin is tough. (AC +3)
You have supernaturally acute eyesight. (SInv)
Armour fits poorly on your strangely shaped body.
Your system is resistant to poisons. (rPois)
You cover ground very slowly.
You can spit poison.
You have a snake-like lower body.


Message History

The arrow hits you.
The centaur shoots an arrow.
You block the arrow.
The necrophage hits you but does no damage.
The yak gores you. You block the yak's attack. The yak barely misses you.
The yak closely misses you. You block the necrophage's attack.
The centaur unwields a +0 shortbow.
The centaur hits you but does no damage.
The centaur closely misses you.
You hear a roar!
The yak attacks as you move away! The yak gores you!
The necrophage attacks as you move away!
The necrophage hits you but does no damage.
The centaur shoots an arrow.
You block the arrow. The centaur hits you. The centaur kicks you.
The centaur shoots an arrow.
You block the arrow. The yak gores you.
* * * LOW HITPOINT WARNING * * *
The necrophage barely misses you. The yak gores you but does no damage.
The centaur hits you.
* * * LOW HITPOINT WARNING * * *
The centaur kicks you.
* * * LOW HITPOINT WARNING * * *
The yak attacks as you move away! The yak gores you but does no damage.
You block the centaur's attack.
The centaur kicks you but does no damage.
The centaur shoots an arrow.
The arrow hits you!
* * * LOW HITPOINT WARNING * * *
The yak gores you.
* * * LOW HITPOINT WARNING * * *
The centaur hits you but does no damage.
You block the centaur's attack. The yak gores you but does no damage.
The necrophage hits you but does no damage.
The centaur hits you.
* * * LOW HITPOINT WARNING * * *
The centaur kicks you.
* * * LOW HITPOINT WARNING * * *
There is a stone staircase leading down, spattered with blood here.
The centaur unwields a +0 shortbow.
The centaur barely misses you. x2
You block the centaur's attack.
The centaur kicks you but does no damage.
The yak gores you!
You die...

#...##.# ##....#
#...#.# #..|.##
#...###.....####
#.#.........#..#
..##......#.....#
#.##....D.(#....##
.................#
#....#......YYY..##
#...#......Yn@...####
... #......Ycc......#
#........###....#
#..........##.....#
#...............###
#................#
#.........###...##
.........# #...#
.........####..###


You could see a five-headed hydra, 5 yaks, a necrophage and 2 centaurs.

Vanquished Creatures
  Maggie (D:6)
  A shadow (D:6)
  Edmund (D:4)
  A black bear (D:4)
  An ogre (D:4)
  A phantom (D:6)
  A bullfrog (D:6)
  A scorpion (D:5)
  A necrophage (D:4)
  A gnoll sergeant (D:6)
  4 water moccasin zombies (Ossuary)
  A hound (D:5)
  2 jellies (D:6)
  3 iguanas
  2 mummies (Ossuary)
  8 gnolls
  3 adders
  A shadow imp (D:5)
  An ufetubus (D:5)
  7 adder zombies (Ossuary)
  2 worms
  A dart slug (D:1)
  16 orcs
  5 ball pythons
  An endoplasm (D:1)
  6 giant cockroaches
  6 gnoll zombies (Ossuary)
  2 hobgoblins
  6 jackals
  6 quokkas
  4 bats
  4 frilled lizards
  6 goblins
  8 hobgoblin zombies (Ossuary)
  2 jackal zombies (D:4)
  6 kobolds
  3 kobold zombies (Ossuary)
  5 orc zombies (Ossuary)
  10 rats
141 creatures vanquished.

Notes
Turn   | Place    | Note
-------+----------+-------------------------------------------
     0 | D:1      | Hadkhar the Naga Monk began the quest for the Orb.
     0 | D:1      | Reached XP level 1. HP: 21/21 MP: 1/1
   466 | D:1      | Reached XP level 2. HP: 22/28 MP: 2/2
   530 | D:1      | Found a faded altar of an unknown god.
  1395 | D:2      | Reached XP level 3. HP: 26/34 MP: 3/3
  1811 | D:2      | Identified the +7 spear of Xom's Condemnation {protect,
                  | rElec rC- Str+6 Int+2}
  1939 | D:2      | Reached skill level 1 in Armour
  2236 | D:2      | Found a shimmering altar of Xom.
  2542 | D:3      | Found Orphefump's General Store.
  2569 | D:3      | Bought a +0 tower shield for 54 gold pieces
  2948 | D:4      | Reached XP level 4. HP: 37/42 MP: 4/4
  3070 | D:4      | Noticed a necrophage
  3074 | D:4      | Reached skill level 1 in Polearms
  3074 | D:4      | Reached skill level 1 in Shields
  3099 | D:4      | Killed a necrophage
  3100 | D:4      | Reached XP level 5. HP: 45/50 MP: 5/5
  3137 | D:4      | Noticed an ogre
  3152 | D:4      | Killed an ogre
  3153 | D:4      | Reached skill level 2 in Shields
  3153 | D:4      | Reached XP level 6. HP: 54/57 MP: 6/6
  3417 | D:4      | Found a glowing golden altar of the Shining One.
  3449 | D:4      | Found a sand-covered staircase.
  3462 | Ossuary  | Entered an ossuary
  3495 | Ossuary  | Reached skill level 3 in Shields
  3551 | Ossuary  | Reached XP level 7. HP: 66/66 MP: 7/7
  3901 | D:4      | Found a staircase to the Ecumenical Temple.
  3911 | Temple   | Entered the Ecumenical Temple
  4095 | Temple   | Became a worshipper of Cheibriados the Contemplative
  4095 | Temple   | Reached * piety under Cheibriados
  4095 | Temple   | Reached ** piety under Cheibriados
  4166 | D:4      | Noticed Edmund
  4185 | D:4      | Killed Edmund
  4186 | D:4      | Reached skill level 4 in Shields
  4795 | D:5      | Entered Level 5 of the Dungeon
  4908 | D:5      | Reached XP level 8. HP: 73/73 MP: 8/8
  4934 | D:5      | Reached skill level 5 in Fighting
  5269 | D:5      | Found a white marble altar of Elyvilon.
  5695 | D:6      | Noticed a shadow
  5697 | D:6      | Reached skill level 5 in Shields
  5705 | D:6      | Killed a shadow
  5794 | D:6      | Noticed a five-headed hydra
  5798 | D:6      | Reached *** piety under Cheibriados
  5826 | D:6      | Noticed Maggie
  5837 | D:6      | Killed Maggie
  5838 | D:6      | Reached XP level 9. HP: 33/82 MP: 9/9
  6039 | D:6      | Reached skill level 6 in Shields
  6227 | D:6      | HP: 4/82 [centaur (1)]
  6228 | D:6      | Mangled by a yak

Illustrated notes

Levels and vault maps discovered:
D:1:      lemuel_arrival_broad_hall, layout_loops_ring,
          shapermc_ecumenical_altar_venn
D:2:      layout_loops_corners, basic_altar
D:3:      layout_rooms, serial_shops, nicolae_shop_crystal
D:4:      layout_basic, tso_altar, minmay_temple_entry_overgrown,
          portal_sewer_entry_d, enter_ossuary_3, kennysheep_generic_room_6,
          uniq_edmund
D:5:      layout_basic, elyvilon_altar_5
D:6:      layout_cave_pools, gammafunk_ghost_smash, minmay_manual_mares,
          uniq_maggie
Temple:   chequers_temple_sunken

Skill      XL: |  1  2  3  4  5  6  7  8  9 |
---------------+----------------------------+-----
Armour         | 1 2 3 |  3.9
Stealth        | 4 |  4.1
Polearms       | 1 2 3 4 |  4.6
Shields        | 1 2 3 4 5 6 |  6.0
Fighting       | 4 5 |  5.8
Axes           | |  3.3
Dodging        | |  2.4

Action                   |  1- 3 |  4- 6 |  7- 9 || total
-------------------------+-------+-------+-------++-------
Melee: Hand axe          |    79 |       |       ||    79
       Spear             |    29 |   113 |   207 ||   349
 Fire: Sling             |     5 |       |       ||     5
 Abil: Spit Poison       |    12 |     3 |    10 ||    25
  Use: Scroll            |     3 |       |       ||     3
 Stab: Sleeping          |    11 |     4 |     3 ||    18
Armor: Robe              |    13 |       |       ||    13
       Leather armour    |     4 |    35 |    80 ||   119
Dodge: Dodged            |    49 |    25 |    75 ||   149
Block: Tower shield      |     6 |    64 |   176 ||   246
